 Dungeon Crawl Stone Soup version 0.25-a0-277-g7046ed1b37 (webtiles) character file.

Game seed: 3960610377883955189, levelgen mode: deterministic

65 Jerej03 the Grave Robber (level 3, -3/24 HPs)
             Began as a Mummy Necromancer on Dec 9, 2019.
             Slain by Natasha (4 damage)
             ... on level 2 of the Dungeon.
             The game lasted 00:14:40 (1293 turns).

Jerej03 the Grave Robber (Mummy Necromancer)        Turns: 1293, Time: 00:14:41

Health: -3/24      AC: 11    Str: 11    XL:     3   Next: 92%
Magic:  7/7        EV:  8    Int: 15    God:
Gold:   86         SH:  0    Dex: 12    Spells: 3/8 levels left

rFire    x x .     SeeInvis .   d - +2 dagger (venom)
rCold    + + +     Gourm    .   (no shield)
rNeg     + + +     Faith    .   c - +2 ice dragon scales
rPois    ∞         Spirit   .   (no helmet)
rElec    .         Reflect  .   (no cloak)
rCorr    .         Harm     .   (no gloves)
MR       .....     Rnd*Tele +   (no boots)
Stlth    ..........             (no amulet)
HPRegen  0.08/turn              b - ring of poison resistance
MPRegen  0.10/turn              h - ring of teleportation

@: slowed, very slow
A: no food or potions, fire vulnerability, cold resistance 1, negative energy
resistance 3, torment resistance, unbreathing
a: no special abilities


You were on level 2 of the Dungeon.
You were not hungry.

You visited 1 branch of the dungeon, and saw 2 of its levels.

You collected 86 gold pieces.

Inventory:

Hand Weapons
 d - a +2 dagger of venom (weapon)
 f - a +0 dagger
 g - a +0 short sword
 l - a +0 quarterstaff
Missiles
 j - 22 bolts
Armour
 a - a +0 robe
 c - +2 ice dragon scales (worn)
Jewellery
 b - a ring of poison resistance (left hand)
 h - a ring of teleportation (right hand)
Scrolls
 k - 2 scrolls of remove curse
Potions
 e - a potion of heal wounds {unknown}
 i - 2 potions of flight {unknown}


   Skills:
 + Level 0.2 Fighting
 * Level 1.1 Short Blades
 + Level 0.3 Armour
 + Level 1.7 Dodging
 + Level 1.5 Stealth
 - Level 0.1 Unarmed Combat
 + Level 3.4 Spellcasting
 + Level 4.6 Necromancy


You had 3 spell levels left.
You knew the following spells:

 Your Spells              Type           Power        Failure   Level  Hunger
a - Pain                  Necr           ###.         26%         1    N/A
b - Animate Skeleton      Necr           N/A          26%         1    N/A
c - Vampiric Draining     Necr           ###.......   63%         3    N/A

Your spell library contained the following spells:

 Spells                   Type           Power        Failure   Level  Hunger
 Animate Dead             Necr           N/A          95%         4    N/A
 Regeneration             Chrm/Necr      Unusable     N/A         3    N/A

Dungeon Overview and Level Annotations

Branches:
Dungeon (2/15)

Altars:
Hepliaklqana
Okawaru

Annotations:
D:2 Natasha


Innate Abilities, Weirdness & Mutations

You do not eat or drink.
Your flesh is vulnerable to fire.
You are immune to poison.
Your flesh is cold resistant. (rC+)
You are immune to negative energy. (rN+++)
You are immune to unholy pain and torment.
You can survive without breathing.


Message History

You closely miss the shadow imp. The shadow imp hits you.
* * * LOW HITPOINT WARNING * * *
You closely miss the shadow imp.
The shadow imp shouts, "Escape, thou venomed mumble-news guttersnipe!"
The shadow imp hits you.
* * * LOW HITPOINT WARNING * * *
Okay, then.
The shadow imp disappears in a puff of smoke!
The shadow imp disappears in a puff of smoke!
Natasha casts a spell at you.
The magic dart hits you but does no damage.
Natasha casts a spell at you.
You feel yourself slow down. Natasha claws you.
* * * LOW HITPOINT WARNING * * *
Natasha stares at you and mumbles some strange words.
You resist with some effort.
You see here a +0 club.
You closely miss Natasha. Natasha claws you.
You die...

#.##.#..#.....#
#.##.#..#.....#
#.......#.<...#
#.####.##.....#
#.####.########
#.......####################
#.####.#...................#
#......##...#...#...#...#..#
######.....h@.††.....†...._#
##.#...#...#...#...#..#
##...................#
#####################


You could see Natasha.

Vanquished Creatures
  2 adders (D:2)
  2 worms (D:2)
  A leopard gecko (D:2)
  2 ball pythons (D:1)
  3 bats
  4 giant cockroaches (D:1)
  A goblin (D:1)
  6 hobgoblins
  4 jackals (D:1)
  5 kobolds
  3 frilled lizards (D:1)
  3 rats (D:1)
36 creatures vanquished.

Vanquished Creatures (collateral kills)
  A bat (D:1)
1 creature vanquished.

Grand Total: 37 creatures vanquished

Notes
Turn   | Place    | Note
-------+----------+-------------------------------------------
     0 | D:1      | Jerej03 the Mummy Necromancer began the quest for the Orb.
     0 | D:1      | Reached XP level 1. HP: 13/13 MP: 4/4
    24 | D:1      | Learned a level 1 spell: Animate Skeleton
   276 | D:1      | Reached XP level 2. HP: 11/19 MP: 1/5
   715 | D:1      | Reached XP level 3. HP: 15/24 MP: 7/7
   904 | D:1      | Learned a level 3 spell: Vampiric Draining
  1164 | D:2      | Found a hazy altar of Hepliaklqana.
  1244 | D:2      | Reached skill level 1 in Short Blades
  1256 | D:2      | Noticed Natasha
  1266 | D:2      | Found an iron altar of Okawaru.
  1272 | D:2      | HP: 1/24 [shadow imp[Natasha] (1)]
  1290 | D:2      | HP: 1/24 [Natasha (2)]
  1293 | D:2      | Slain by Natasha

Levels and vault maps discovered:
D:1:      elethiomel_arrival_infinity_welcomes_careful_drivers,
          layout_loops_ring, minmay_misc_feat_encased, minmay_misc_feat_x
D:2:      layout_loops_cross, lemuel_crystal_altar,
          lemuel_coloured_pillars_altar, uniq_natasha

Skill      XL: |  1  2  3 |
---------------+----------+-----
Spellcasting   | 3 |  3.4
Short Blades   | 1 |  1.1
Fighting       | |  0.2
Armour         | |  0.3
Dodging        | |  1.7
Stealth        | |  1.5
Unarmed Combat | |  0.1
Necromancy     | |  4.6

Action                   || total
-------------------------++-------
Melee: Unarmed           ||    32
       Short sword       ||    38
       Dagger            ||    64
 Cast: Pain              ||    32
       Animate Skeleton  ||     3
  Use: Scroll            ||     5
Armor: Ice dragon scales ||    99
Dodge: Dodged            ||    86

Table legend:
 A = Non-vault XP
 B = Vault XP
 C = Vault XP percentage of total XP
 D = Non-vault monster count
 E = Vault monster count
 F = Vault count percentage of total count
                 A         B        C        D         E       F
            +---------+---------+-------+---------+---------+-------
      Total |      93 |       0 |   0.0 |      37 |       0 |   0.0
            +---------+---------+-------+---------+---------+-------
        D:1 |      44 |       0 |   0.0 |      27 |       0 |   0.0
        D:2 |      49 |       0 |   0.0 |      10 |       0 |   0.0
            +---------+---------+-------+---------+---------+-------
